Map: Pillars of Gold LE

Players

Neeb - Winner!

  • Race: Protoss Protoss
  • League: Master
  • Spawn Location: 7:00

Silky

  • Race: Zerg Zerg
  • Spawn Location: 1:00

Event: DreamHack SC2 Masters 2020 Fall

VOD

Have the link to the VOD?

Description

Time

  • Played on: Sept. 5, 2020, 4:29 p.m.
  • Length: 11:55

All games in this series

Show
View Real Time Build Order
Export as new Build Order

Neeb Protoss - Winner!

Build Orders: 1 Gate Expand, Oracle Opening 

Get SALT Encoding   

  12  0:00  Probe  
  13  0:12  Probe  
  14  0:19  Pylon  
  14  0:24  Probe  
  15  0:37  Probe (Chrono Boost)  
  15  0:41  Gateway  
  16  0:47  Probe (Chrono Boost)  
  17  0:52  Assimilator  
  17  0:53  Probe  
  18  1:05  Probe  
  19  1:17  Probe  
  20  1:29  Nexus  
  20  1:39  Cybernetics Core  
  20  1:42  Probe  
  21  1:48  Assimilator  
  21  1:54  Probe  
  21  1:58  Pylon  
  22  2:06  Probe (Chrono Boost)  
  23  2:13  Adept (Chrono Boost)  
  23  2:17  Probe (Chrono Boost)  
  23  2:22  Probe (Chrono Boost)  
  26  2:24  Stargate  
  27  2:36  Adept, Probe (Chrono Boost)  
  30  2:38  Warp Gate  
  30  2:41  Probe (Chrono Boost)  
  31  2:50  Probe (Chrono Boost)  
  31  2:51  Probe (Chrono Boost)  
  33  2:58  Probe  
  34  2:59  Gateway, Probe  
  34  3:00  Void Ray (Chrono Boost)  
  35  3:12  Probe  
  40  3:14  Probe  
  41  3:21  Pylon  
  41  3:24  Probe  
  41  3:26  Probe  
  43  3:30  Assimilator  
  43  3:35  Assimilator  
  43  3:38  Probe x2 (Chrono Boost)  
  43  3:40  Oracle  
  48  3:43  Pylon  
  48  3:50  Probe (Chrono Boost)  
  48  3:54  Probe (Chrono Boost)  
  50  3:56  Probe (Chrono Boost)  
  50  4:00  Probe  
  52  4:03  Pylon  
  52  4:05  Probe  
  53  4:13  Probe  
  53  4:14  Fleet Beacon  
  55  4:17  Probe  
  55  4:22  Stargate  
  55  4:25  Probe  
  55  4:29  Adept x2, Probe  
  61  4:41  Pylon  
  61  4:50  Nexus  
  61  4:54  Pylon  
  61  5:02  Carrier (Chrono Boost)  
  67  5:14  Carrier (Chrono Boost)  
  67  5:21  Probe x2  
  75  5:25  Shield Battery, Pylon  
  75  5:28  Robotics Facility  
  75  5:33  Probe  
  75  5:34  Probe  
  74  5:39  Sentry  
  74  5:41  Sentry  
  78  5:45  Probe, Pylon  
  78  5:46  Probe (Chrono Boost)  
  80  5:57  Probe (Chrono Boost)  
  80  5:58  Probe (Chrono Boost)  
  80  6:02  Forge  
  83  6:04  Twilight Council  
  83  6:05  Sentry  
  83  6:06  Zealot, Probe (Chrono Boost)  
  83  6:07  Probe (Chrono Boost)  
  83  6:08  Probe (Chrono Boost)  
  89  6:14  Probe (Chrono Boost)  
  89  6:16  Probe (Chrono Boost)  
  89  6:17  Probe (Chrono Boost)  
  92  6:19  Immortal, Probe (Chrono Boost)  
  92  6:24  Probe  
  98  6:31  Gateway, Probe  
  99  6:35  Gateway x2  
  99  6:38  Pylon  
  99  6:45  Protoss Ground Weapons Level 1  
  99  6:46  Charge  
  99  6:48  Templar Archives, Probe x2  
  99  6:50  Probe  
  99  6:53  Assimilator x2  
  98  7:03  Zealot x2  
  102  7:08  Immortal (Chrono Boost)  
  106  7:16  Pylon  
  106  7:18  Pylon  
  106  7:20  Gateway  
  106  7:21  Gateway  
  106  7:27  Gateway  
  106  7:37  Photon Cannon  
  106  7:41  Observer (Chrono Boost)  
  107  7:47  Psionic Storm  
  107  7:51  Probe  
  107  7:55  Pylon  
  107  7:56  Warp Prism (Chrono Boost), High Templar x3, Pylon  
  116  8:01  Photon Cannon  
  116  8:02  Photon Cannon  
  116  8:03  Probe  
  116  8:04  High Templar  
  116  8:05  Photon Cannon  
  119  8:14  Zealot, High Templar  
  123  8:25  Immortal  
  127  8:30  Probe x3  
  130  8:42  Gateway  
  130  8:43  High Templar x2, Gateway  
  130  8:44  Zealot x5  
  130  8:47  Nexus  
  144  8:49  Pylon  
  144  8:53  Archon  
  144  8:59  High Templar  
  144  9:00  Photon Cannon  
  144  9:02  Protoss Ground Weapons Level 2 (Chrono Boost)  
  146  9:03  Warp Prism  
  146  9:05  Zealot x3, High Templar  
  146  9:09  Archon  
  156  9:29  Assimilator  
  155  9:32  Assimilator  
  155  9:34  Photon Cannon  
  155  9:35  Shield Battery x2  
  155  9:36  High Templar, Photon Cannon  
  155  9:37  Photon Cannon  
  157  9:39  Pylon x2  
  157  9:41  Pylon  
  157  9:52  Protoss Air Weapons Level 1 (Chrono Boost), Photon Cannon  
  157  9:55  Photon Cannon  
  157  9:56  Shield Battery  
  157  9:59  High Templar  
  159  10:00  Zealot x4, High Templar x3  
  159  10:01  Zealot  
  175  10:07  Pylon, Archon x2  
  175  10:15  Pylon  
  175  10:17  Pylon  
  175  10:33  Zealot x2  
  175  10:34  Zealot x2  
  171  10:36  High Templar x2  
  171  10:37  High Templar x2  
  171  10:41  Archon x2  
  173  10:44  High Templar x2  
  173  10:48  Archon  
  173  10:56  Zealot x4  
  152  11:09  Zealot  
  152  11:10  Zealot x3  
  152  11:11  Probe x2  
  151  11:21  Archon  
  151  11:22  Probe x2  
  151  11:23  Probe  
  162  11:28  Archon  
  162  11:32  High Templar x3  
  148  11:33  Zealot x7  
  162  11:43  Nexus  
Show
View Real Time Build Order
Export as new Build Order

Silky Zerg 

Build Orders: Hatch First 

Get SALT Encoding   

  12  0:00  Drone  
  13  0:12  Overlord  
  13  0:18  Drone  
  14  0:31  Drone x2  
  16  0:51  Hatchery  
  16  0:53  Drone  
  16  0:56  Drone  
  17  1:00  Drone  
  18  1:13  Extractor  
  18  1:16  Spawning Pool  
  16  1:19  Drone  
  16  1:23  Drone  
  18  1:28  Drone  
  19  1:39  Drone  
  20  1:49  Overlord  
  20  2:02  Queen x2  
  20  2:03  Zergling x4  
  26  2:11  Drone  
  26  2:14  Drone  
  28  2:16  Metabolic Boost  
  28  2:22  Drone  
  29  2:24  Drone  
  30  2:34  Drone  
  30  2:35  Drone  
  32  2:45  Hatchery  
  32  2:50  Overlord  
  31  2:52  Zergling x2  
  31  2:54  Drone  
  33  3:01  Queen  
  33  3:05  Drone  
  36  3:08  Drone  
  37  3:16  Drone x4  
  37  3:19  Spore Crawler  
  40  3:20  Drone  
  40  3:24  Overlord  
  41  3:31  Drone  
  43  3:35  Drone  
  43  3:38  Spore Crawler  
  43  3:42  Queen  
  43  3:43  Overlord  
  43  3:44  Drone  
  43  3:48  Evolution Chamber  
  45  3:50  Overlord  
  45  3:57  Drone  
  45  3:58  Drone x2  
  45  4:00  Queen  
  45  4:02  Drone  
  50  4:06  Drone  
  50  4:09  Drone x2  
  53  4:13  Overlord  
  53  4:15  Zerg Melee Weapons Level 1  
  53  4:16  Drone  
  54  4:25  Drone x3  
  54  4:27  Spore Crawler  
  54  4:29  Overlord  
  56  4:33  Baneling Nest, Zergling x4  
  56  4:34  Drone  
  56  4:36  Drone  
  59  4:39  Zergling x4  
  59  4:45  Drone x2  
  61  4:48  Drone, Spore Crawler  
  61  4:50  Drone  
  62  4:54  Extractor  
  62  4:55  Drone, Queen  
  62  4:58  Overlord  
  64  5:01  Queen  
  64  5:03  Drone  
  64  5:06  Drone x3  
  70  5:12  Zergling x8  
  72  5:16  Drone x2  
  72  5:19  Drone x3  
  77  5:24  Drone  
  78  5:35  Drone x4  
  82  5:39  Hatchery  
  81  5:42  Lair  
  81  5:44  Queen, Extractor  
  81  5:45  Extractor, Overlord  
  81  5:48  Overlord  
  81  5:50  Zergling x2  
  81  5:54  Baneling  
  81  5:55  Baneling x5  
  81  5:56  Overlord  
  81  6:04  Zergling x12  
  82  6:07  Zergling x8  
  82  6:08  Zergling x2  
  92  6:15  Zergling x6  
  92  6:16  Zergling x4  
  97  6:20  Queen  
  97  6:21  Drone x2  
  97  6:23  Drone x2  
  102  6:34  Spore Crawler x2  
  102  6:36  Drone x4, Spore Crawler  
  103  6:44  Overlord  
  103  6:45  Drone x2  
  103  6:46  Overlord  
  105  6:51  Zerg Melee Weapons Level 2, Spire  
  105  6:52  Extractor x2  
  102  6:59  Drone x5  
  101  7:04  Drone x4  
  101  7:07  Drone  
  101  7:08  Drone x2  
  104  7:10  Drone x2  
  104  7:14  Drone  
  103  7:23  Drone x5  
  103  7:29  Drone x4  
  110  7:31  Infestation Pit  
  110  7:33  Centrifical Hooks  
  109  7:37  Baneling x3  
  109  7:38  Baneling x3  
  109  7:41  Drone x4  
  109  7:42  Drone x3  
  111  7:45  Drone x3  
  111  7:48  Drone x3  
  115  7:53  Roach Warren  
  115  7:57  Zergling x4  
  115  7:58  Zergling x10  
  121  8:07  Extractor, Hatchery  
  121  8:09  Hive  
  121  8:11  Zergling x6  
  121  8:12  Zergling x2  
  123  8:19  Zergling x2  
  126  8:20  Zergling x6  
  127  8:27  Overlord x3, Zergling x2, Spire  
  127  8:29  Overlord  
  127  8:33  Overlord x2  
  127  8:35  Glial Reconstitution, Overlord  
  127  8:43  Spore Crawler  
  127  8:47  Roach x8  
  142  8:50  Baneling x2  
  142  8:54  Roach x5  
  152  8:57  Roach  
  152  8:58  Roach  
  152  8:59  Overseer  
  152  9:01  Overseer  
  156  9:03  Overseer  
  156  9:04  Baneling x3  
  156  9:05  Baneling x5  
  156  9:11  Evolution Chamber, Zerg Ground Armor Level 1  
  156  9:13  Drone, Roach  
  156  9:14  Zergling x10  
  156  9:15  Ravager x3  
  156  9:16  Ravager  
  164  9:28  Overlord x2  
  164  9:29  Drone x4  
  164  9:30  Overlord  
  163  9:33  Ravager x9  
  163  9:36  Zergling x16  
  180  9:41  Zergling x2  
  180  9:45  Overlord x2  
  178  9:56  Adrenal Glands  
  178  9:59  Baneling x13  
  176  10:02  Drone, Zergling x6  
  176  10:03  Zergling x18  
  176  10:06  Zergling x8  
  192  10:15  Zergling x12  
  194  10:39  Corruptor x3  
  198  10:44  Zergling x6  
  199  10:50  Baneling x12  
  199  10:56  Overlord  
  179  11:08  Zergling x36  
  132  11:23  Roach  
  132  11:24  Roach x6  
  134  11:28  Roach  
  121  11:33  Roach x3  
  121  11:36  Roach  

Tags
 
Add a new tag
Caveats
  • Supply blocks, unpowered buildings, or Contaminate may cause inaccurate times.
  • Supply counts are checked every 10 seconds.